 Dungeon Crawl Stone Soup version 0.23.2-1-ga50397a6bc (webtiles) character file.

Game seed: 17107546923446000844

149 MTandi the Magician (level 5, 0/25 HPs)
             Began as a Deep Elf Wizard on May 26, 2019.
             Was a Follower of Hepliaklqana.
             Slain by a killer bee (6 damage)
             ... on level 3 of the Dungeon.
             The game lasted 00:28:13 (2745 turns).

MTandi the Magician (Deep Elf Wizard)               Turns: 2745, Time: 00:28:13

Health: 0/25       AC:  7    Str:  4    XL:     5   Next: 9%
Magic:  3/15       EV: 14    Int: 28    God:    Hepliaklqana [*.....]
Gold:   135        SH:  0    Dex: 13    Spells: 5/15 levels left

rFire    . . .     SeeInvis .   c - +0 dagger
rCold    . . .     Gourm    .   (no shield)
rNeg     . . .     Faith    .   a - +0 robe
rPois    .         Spirit   .   b - +0 hat
rElec    .         Reflect  .   e - +2 cloak
rCorr    .         Harm     .   (no gloves)
MR       .....                  r - +1 pair of boots
Stlth    ++........             n - amulet of magic regeneration
HPRegen  0.08/turn              j - +4 ring of intelligence
MPRegen  0.39/turn              (no ring)

@: lethally poisoned (0 -> -4)
A: reduced essence
a: Recall Ancestor, Ancestor Identity, Renounce Religion


You were on level 3 of the Dungeon.
You worshipped Hepliaklqana.
Hepliaklqana was aware of your devotion.
You were hungry.

You visited 1 branch of the dungeon, and saw 4 of its levels.

You collected 135 gold pieces.

Inventory:

Hand Weapons
 c - a +0 dagger (weapon)
Missiles
 f - a throwing net (quivered)
Armour
 a - a +0 robe (worn)
 b - a +0 hat (worn)
 e - a +2 cloak (worn)
 o - a +0 large shield
 r - a +1 pair of boots (worn)
Jewellery
 j - a +4 ring of intelligence (left hand)
 n - an amulet of magic regeneration (around neck)
Wands
 v - a wand of paralysis (14)
Scrolls
 g - 3 scrolls of teleportation
 h - a scroll of immolation {unknown}
 k - a scroll of remove curse
 l - 2 scrolls of identify {unknown}
 m - a scroll of blinking {unknown}
 q - a scroll of fog {unknown}
Potions
 i - 3 potions of curing {unknown}
 p - 2 potions of lignification {unknown}
 t - a potion of cancellation {unknown}
 u - a potion of brilliance {unknown}
 x - a potion of heal wounds {unknown}
 z - 2 potions of invisibility {unknown}
Comestibles
 d - 6 rations


   Skills:
 + Level 4.2 Dodging
 - Level 2.4 Stealth
 + Level 5.7 Spellcasting
 + Level 3.2 Conjurations
 - Level 1.1 Summonings
 - Level 1.1 Translocations


You had 5 spell levels left.
You knew the following spells:

 Your Spells              Type           Power        Failure   Level  Hunger
a - Magic Dart            Conj           ####         1%          1    None
b - Blink                 Tloc           N/A          6%          2    None
c - Call Imp              Summ           ##......     6%          2    None
d - Conjure Flame         Conj/Fire      ###.....     10%         3    None
e - Slow                  Hex            #.......     10%         2    None

Your spell library contained the following spells:

 Spells                   Type           Power        Failure   Level  Hunger
 Mephitic Cloud           Conj/Pois/Air  ##......     12%         3    None


Dungeon Overview and Level Annotations

Branches:
Dungeon (4/15)
 Temple: D:4-7

Altars:
Ashenzari
Elyvilon
Gozag
Hepliaklqana
Makhleb
Ru
Trog
Uskayaw
Yredelemnul

Annotations:
D:3 Mrkan's ghost, amateur GrFi


Message History

Casting: Blink (safe; 6% risk of failure)
Confirm with . or Enter, or press ? or * to list all spells.
You don't have enough magic to cast that spell.
You feel sick. The killer bee barely misses you.
The killer bee closely misses you.
You feel sick. The killer bee closely misses you.
You feel sick. The killer bee closely misses you. The killer bee stings you.
* * * LOW HITPOINT WARNING * * *
Casting: Blink (safe; 6% risk of failure)
Confirm with . or Enter, or press ? or * to list all spells.
Aiming: Magic Dart (safe; 1% risk of failure)
Press: ? - help, Shift-Dir - straight line, f/p - killer bee
Aim: a killer bee (moderately wounded)
The magic dart hits the killer bee but does no damage.
The killer bee is moderately wounded.
The killer bee closely misses you. x2
You feel sick. The killer bee stings you.
You die...

#.... #.... #.... ##
#.... #. # #..r.
#.######.########.#
#.............$.W.#
#.y##.##.##.#..o.(.
#.@##.##.........##
#..##.##.##.#.##.
##..##.##.#...>##.#
....##.##.#..##.....
##.....5..#.....###.
#####.##.#.##..# #.
#.##.#.# #.###.
#.##.#.# .....
#.##.#.# #.#


You could see a killer bee.

Vanquished Creatures
  An ogre (D:3)
  An adder (D:3)
  A dart slug (D:1)
  An orc (D:3)
  11 bats
  A giant cockroach (D:3)
  5 goblins
  2 hobgoblins
  A quokka (D:2)
  2 frilled lizards (D:1)
  10 kobolds
  8 rats
44 creatures vanquished.

Vanquished Creatures (collateral kills)
  2 adders (D:2)
  2 worms (D:2)
  A dart slug (D:2)
  A leopard gecko (D:2)
  A goblin (D:2)
  2 jackals (D:2)
  A frilled lizard (D:3)
10 creatures vanquished.

Vanquished Creatures (others)
  2 ancestors (D:3)
2 creatures vanquished.

Grand Total: 56 creatures vanquished

Notes
Turn   | Place    | Note
-------+----------+-------------------------------------------
     0 | D:1      | MTandi the Deep Elf Wizard began the quest for the Orb.
     0 | D:1      | Reached XP level 1. HP: 10/10 MP: 7/7
   207 | D:1      | Reached XP level 2. HP: 15/15 MP: 5/9
   275 | D:1      | Learned a level 2 spell: Blink
   278 | D:1      | Learned a level 2 spell: Call Imp
   750 | D:1      | You fall through a shaft!
   779 | D:2      | Reached XP level 3. HP: 19/19 MP: 0/11
   847 | D:2      | Reached skill level 5 in Spellcasting
   918 | D:2      | Learned a level 3 spell: Conjure Flame
   932 | D:2      | Found a hazy altar of Hepliaklqana.
  1016 | D:2      | Became a worshipper of Hepliaklqana the Forgotten
  1552 | D:2      | Found a burning altar of Makhleb.
  1552 | D:2      | Found a hide-covered altar of Uskayaw.
  1552 | D:2      | Found a shattered altar of Ashenzari.
  1555 | D:2      | Found a sacrificial altar of Ru.
  1556 | D:2      | Found a bloodstained altar of Trog.
  1906 | D:2      | Found a basalt altar of Yredelemnul.
  2305 | D:3      | Reached * piety under Hepliaklqana
  2315 | D:3      | Reached XP level 4. HP: 21/21 MP: 9/13
  2333 | D:3      | Noticed an ogre
  2360 | D:3      | Learned a level 2 spell: Slow
  2368 | D:3      | Killed an ogre
  2368 | D:3      | Reached XP level 5. HP: 15/25 MP: 6/15
  2506 | D:3      | Found a white marble altar of Elyvilon.
  2682 | D:3      | Found a runed translucent gate.
  2682 | D:3      | Found a runed translucent gate.
  2683 | D:3      | Found an opulent altar of Gozag.
  2683 | D:3      | Found a runed translucent gate.
  2684 | D:3      | Noticed Mrkan's ghost (amateur GrFi)
  2745 | D:3      | Slain by a killer bee

Skill      XL: |  1  2  3  4 |
---------------+-------------+-----
Dodging        | 3 4 |  4.2
Conjurations   | 2 3 |  3.2
Spellcasting   | 5 |  5.7
Stealth        | |  2.4
Summonings     | |  1.1
Translocations | |  1.1

Action                   |  1- 3 |  4- 6 || total
-------------------------+-------+-------++-------
Melee: Dagger            |     7 |     2 ||     9
 Cast: Magic Dart        |    68 |    13 ||    81
       Call Imp          |     5 |     4 ||     9
       Blink             |     2 |    11 ||    13
       Conjure Flame     |       |     2 ||     2
       Slow              |       |     2 ||     2
Invok: Ancestor Identity |     1 |       ||     1
  Use: Scroll            |       |     2 ||     2
 Stab: Distracted        |       |     1 ||     1
  Eat: Ration            |     1 |       ||     1
       Chunk             |       |     1 ||     1
Armor: Robe              |     5 |     6 ||    11
Dodge: Dodged            |    19 |    18 ||    37
